 Dungeon Crawl Stone Soup version 0.31-a0-37-g98a128e1d9 (webtiles) character file.

Game seed: 3207359762727031121

4604 pk666 the Thaumaturge (level 10, 0/50 HPs)
             Began as a Deep Elf Hedge Wizard on May 15, 2023.
             Was a Follower of Vehumet.
             Slain by a catoblepas (32 damage)
             ... on level 8 of the Dungeon.
             The game lasted 00:30:56 (11460 turns).

pk666 the Thaumaturge (Deep Elf Hedge Wizard)      Turns: 11460, Time: 00:31:09

Health: 0/50       AC:  4    Str:  7    XL:     10   Next: 19%
Magic:  5/28       EV: 17    Int: 30    God:    Vehumet [*.....]
Gold:   263        SH:  0    Dex: 14    Spells: 21/33 levels left

rFire   . . .        h - +2 dagger (venom)
rCold   . . .        (no shield)
rNeg    . . .        A - +1 robe {Archmagi}
rPois   .            c - +0 hat
rElec   .            (no cloak)
rCorr   .            (no gloves)
SInv    .            y - +0 pair of boots
Will    +....        (no amulet)
Stlth   ++           o - +6 ring of intelligence
HPRegen 0.28/turn    x - +5 ring of evasion
MPRegen 0.21/turn

%: archmagi
@: very slightly contaminated
A: no striking features
a: Renounce Religion


You were on level 8 of the Dungeon.
You worshipped Vehumet.
Vehumet was aware of your devotion.
You visited 2 branches of the dungeon, and saw 9 of its levels.

You collected 263 gold pieces.

Inventory:

Hand Weapons
 h - a +2 dagger of venom (weapon)
 C - the +6 mace "Kusoum" {freeze, *Slow rPois rC+}
   (You found it on level 6 of the Dungeon)

   rC:        It protects you from cold.
   rPois:     It protects you from poison.
   *Slow:     It may slow you when you take damage.
Armour
 c - a +0 hat (worn)
 v - +0 steam dragon scales
 y - a +0 pair of boots (worn)
 A - a +1 robe of the Archmagi (worn)
Jewellery
 o - a +6 ring of intelligence (left hand)
 x - a +5 ring of evasion (right hand)
Wands
 s - a wand of charming (10)
 z - a wand of roots (3)
Scrolls
 b - a scroll of blinking {unknown}
 f - a scroll of fear
 i - 2 scrolls of enchant weapon {unknown}
 j - 2 scrolls of poison {unknown}
 m - 2 scrolls of identify {unknown}
 q - 2 scrolls of teleportation {unknown}
 t - 3 scrolls of magic mapping {unknown}
 w - a scroll of immolation {unknown}
 B - a scroll of amnesia {unknown}
 D - a scroll of enchant armour {unknown}
Potions
 a - a potion of haste {unknown}
 d - a potion of magic
 e - a potion of lignification {unknown}
 g - 4 potions of heal wounds {unknown}
 k - a potion of berserk rage {unknown}
 l - 4 potions of might {unknown}
 n - a potion of flight {unknown}
 p - 3 potions of curing {unknown}
 r - 2 potions of cancellation {unknown}
 u - 2 potions of brilliance {unknown}
 E - 2 potions of resistance {unknown}


   Skills:
 - Level 2.4 Dodging
 - Level 2.4 Stealth
 + Level 12.4 Spellcasting
 + Level 9.9 Conjurations
 - Level 1.1 Summonings
 - Level 2.0 Translocations
 + Level 7.6 Fire Magic
 - Level 2.0 Air Magic
 - Level 2.0 Poison Magic


You had 21 spell levels left.
You knew the following spells:

 Your Spells              Type           Power      Damage    Failure   Level
a - Magic Dart            Conj           100%       1d8       1%          1
b - Blink                 Tloc           92%        N/A       1%          2
c - Mephitic Cloud        Conj/Pois/Air  63%        N/A       1%          3
d - Starburst             Conj/Fire      41%        6d12      12%         6

Your spell library contained the following spells:

 Spells                   Type           Power      Damage    Failure   Level
 Foxfire                  Conj/Fire      100%       2x1d9     1%          1
 Apportation              Tloc           92%        N/A       1%          1
 Summon Small Mammal      Summ           100%       N/A       1%          1
 Searing Ray              Conj           100%       2d8       1%          2
 Dazzling Flash           Conj/Hex       100%       N/A       1%          3
 Volatile Blastmotes      Fire/Tloc      100%       2d18      1%          3
 Necrotise                Necr           100%       1d9       2%          1
 Slow                     Hex            100%       N/A       2%          1
 Call Imp                 Summ           74%        N/A       2%          2
 Cigotuvi's Dreadful Rot  Necr/Pois/Air  80%        N/A       2%          2
 Iskenderun's Mystic Bla  Conj/Tloc      69%        2d14      2%          4
 Fulminant Prism          Conj/Hex       32%        3d15      3%          4


Dungeon Overview and Level Annotations

Branches:
Dungeon (8/15)             Temple (1/1) D:6
   Lair: D:8-11

Altars:
Ashenzari
Cheibriados
Dithmenos
Elyvilon
Fedhas
Gozag
Hepliaklqana
Kikubaaqudgha
Makhleb
Nemelex Xobeh
Okawaru
Qazlal
Ru
Sif Muna
Trog
Uskayaw
Vehumet
Wu Jian
Xom
Yredelemnul
Zin

Shops:
D:2 (


Message History

Casting: Mephitic Cloud (safe; 1% risk of failure)
Confirm with . or Enter, or press ? or * to list all spells.
Aiming: Mephitic Cloud (safe; 1% risk of failure)
Press: ? - help, Shift-Dir - straight line, f - catoblepas
Aim: a catoblepas (chance to affect: 34%)
You feel a surge of power!
The ball explodes into a vile cloud!
The stinking cloud engulfs the catoblepas but does no damage.
The catoblepas is engulfed in noxious fumes.
The catoblepas is engulfed in noxious fumes.
There is a stone staircase leading up here.
Casting: Mephitic Cloud (safe; 1% risk of failure)
Confirm with . or Enter, or press ? or * to list all spells.
The spell is quite dangerous to miscast (12% risk of failure)!
Continue anyway?
Casting: Starburst (quite dangerous; 12% risk of failure)
Press: ? - help, Dir - look around, f - activate You feel a surge of power!
The bolt of fire hits the catoblepas!!
The catoblepas is moderately wounded.
The catoblepas breathes a plume of calcifying dust at you.
The blast of calcifying dust hits you! The catoblepas completely misses you.
Casting: Starburst (quite dangerous; 12% risk of failure)
Confirm with . or Enter, or press ? or * to list all spells.
The spell is quite dangerous to miscast (12% risk of failure)!
Continue anyway?
Casting: Starburst (quite dangerous; 12% risk of failure)
Press: ? - help, Dir - look around, f - activate You feel a surge of power!
You miscast Starburst.
You are very lightly contaminated with residual magic.
The air around you crackles with energy!
The catoblepas gores you but does no damage.
Unknown command.
Casting: Starburst (quite dangerous; 12% risk of failure)
Confirm with . or Enter, or press ? or * to list all spells.
The spell is quite dangerous to miscast (12% risk of failure)!
Continue anyway?
Casting: Starburst (quite dangerous; 12% risk of failure)
Press: ? - help, Dir - look around, f - activate You feel a surge of power!
The bolt of fire hits the catoblepas!!!
The catoblepas is almost dead.
The catoblepas gores you!!
Ouch! That really hurt!
You die...

#.#.# #####.#!#######
..............#
............#
....§.#...# #§..#.#
#.§.#.# #..§..#.#
#..@Y...# .........°§.#
#####.....##○.°#
###<.>###... .§....
###.#...#.###. ..##..
###...#...#...### ...
##
#.....#)..#.....###...
......#...#.......###..
......)...'........>#


You could see a catoblepas.

Vanquished Creatures
  A deep elf pyromancer (D:8)
  Maggie (D:7)
  A gargoyle (D:8)
  Prince Ribbit (D:6)
  3 steam dragons
  Menkaure (D:6)
  Edmund (D:6)
  2 water moccasins
  Duvessa (D:5)
  A sky beast (D:6)
  An ice beast (D:5)
  2 black bears
  An ogre (D:6)
  2 centaurs
  6 phantoms
  A bullfrog (D:7)
  A kobold brigand (D:6)
  6 scorpions
  Dowan (D:5)
  A howler monkey (D:7)
  5 hounds
  A jelly (D:4)
  A gnoll bouda (D:6)
  2 orc priests (D:6)
  2 sleepcaps (D:7)
  2 iguanas
  4 orc wizards
  Robin (D:2)
  13 gnolls
  5 adders
  A shadow imp (D:5)
  4 white imps
  3 ufetubi
  2 worms (D:3)
  4 dart slugs
  30 orcs
  8 ball pythons
  5 bats
  11 endoplasms
  A giant cockroach (D:1)
  12 goblins
  14 hobgoblins
  12 kobolds
  3 quokkas
  2 frilled lizards
  3 rats
186 creatures vanquished.

Vanquished Creatures (others)
  An orc (D:5)
1 creature vanquished.

Grand Total: 187 creatures vanquished

Notes
Turn   | Place    | Note
-------+----------+-------------------------------------------
     0 | D:1      | pk666 the Deep Elf Hedge Wizard began the quest for the
                  | Orb.
     0 | D:1      | Reached XP level 1. HP: 10/10 MP: 7/7
   649 | D:2      | Reached XP level 2. HP: 15/15 MP: 5/9
   998 | D:2      | Noticed Robin
  1009 | D:2      | Killed Robin
  1010 | D:2      | Reached skill level 5 in Spellcasting
  1010 | D:2      | Reached XP level 3. HP: 19/19 MP: 2/11
  1455 | D:2      | Found Qahoeden's Weapon Shop.
  2539 | D:1      | Reached XP level 4. HP: 24/24 MP: 5/13
  2617 | D:1      | Learned a level 2 spell: Blink
  2621 | D:1      | Learned a level 3 spell: Mephitic Cloud
  3996 | D:4      | Reached skill level 1 in Poison Magic
  4059 | D:4      | Noticed a black bear
  4117 | D:4      | Noticed a phantom
  4282 | D:4      | Reached skill level 1 in Air Magic
  4348 | D:5      | Entered Level 5 of the Dungeon
  4360 | D:5      | Found a shadowy altar of Dithmenos.
  4376 | D:5      | Reached XP level 5. HP: 28/28 MP: 2/15
  4495 | D:5      | Noticed a centaur
  4498 | D:5      | Noticed a phantom
  4585 | D:4      | Killed a phantom
  4586 | D:4      | Reached skill level 6 in Spellcasting
  5005 | D:4      | Reached XP level 6. HP: 23/32 MP: 4/17
  5089 | D:4      | Found an iron altar of Okawaru.
  5346 | D:4      | Reached skill level 7 in Spellcasting
  5681 | D:4      | Found a bloodstained altar of Trog.
  5786 | D:4      | Noticed a steam dragon
  5795 | D:4      | Reached skill level 5 in Conjurations
  5795 | D:4      | Reached XP level 7. HP: 36/36 MP: 13/19
  5806 | D:4      | Killed a steam dragon
  5807 | D:4      | Reached skill level 8 in Spellcasting
  6383 | D:5      | Reached skill level 1 in Fire Magic
  6581 | D:5      | Found a stormy altar of Qazlal.
  6592 | D:5      | Reached XP level 8. HP: 27/41 MP: 17/22
  6600 | D:5      | Reached skill level 9 in Spellcasting
  6913 | D:5      | Noticed Dowan
  7147 | D:5      | Noticed Duvessa
  7169 | D:5      | Killed Duvessa
  7182 | D:5      | Killed Dowan
  7920 | D:6      | Noticed Edmund
  7952 | D:6      | Noticed Prince Ribbit
  7954 | D:6      | Killed Edmund
  7955 | D:6      | Reached skill level 10 in Spellcasting
  8315 | D:6      | Reached XP level 9. HP: 24/45 MP: 8/25
  8473 | D:6      | Killed Prince Ribbit
  8474 | D:6      | Reached skill level 5 in Fire Magic
  9097 | D:6      | Found a staircase to the Ecumenical Temple.
  9106 | Temple   | Entered the Ecumenical Temple
  9198 | Temple   | Became a worshipper of Vehumet
  9354 | D:6      | Identified the +6 mace "Kusoum" {freeze, *Slow rPois rC+}
  9363 | D:6      | Reached skill level 11 in Spellcasting
  9629 | D:6      | Noticed Menkaure
  9642 | D:6      | Killed Menkaure
 10144 | D:7      | Learned a level 6 spell: Starburst
 10150 | D:7      | Noticed Maggie
 10777 | D:7      | Killed Maggie
 10778 | D:7      | Reached skill level 12 in Spellcasting
 10983 | D:7      | Found a hide-covered altar of Uskayaw.
 11000 | D:7      | Reached * piety under Vehumet
 11000 | D:7      | Offered knowledge of Foxfire by Vehumet.
 11289 | D:8      | Noticed a gargoyle
 11294 | D:8      | Killed a gargoyle
 11295 | D:8      | Reached XP level 10. HP: 50/50 MP: 21/28
 11330 | D:8      | Noticed a deep elf pyromancer
 11334 | D:8      | Killed a deep elf pyromancer
 11452 | D:8      | Noticed a catoblepas
 11460 | D:8      | Slain by a catoblepas

Illustrated notes

Levels and vault maps discovered:
D:1:      dpeg_arrival_water_fire, layout_loops_ring, hangedman_decor_opposing
D:2:      layout_loops_ring, serial_shops, shop, serial_bayou_ford_a,
          grunt_decor_junction, uniq_robin
D:3:      layout_basic
D:4:      minmay_diamond_boxcup, layout_basic, okawaru_metal_pillars_3,
          trog_antimagical
D:5:      layout_basic, nicolae_qazlal_scattered_showers,
          overflow_temple_1_default, nicolae_sextant,
          chequers_serial_rivers_large_a, uniq_duvessa
D:6:      layout_basic, minmay_temple_entry_junction_2, uniq_menkaure,
          uniq_prince_ribbit1, uniq_edmund
D:7:      layout_gridville, kennysheep_little_box, dreamdust_mushroom_princess,
          chequers_serial_rivers_micro_c, uniq_maggie
D:8:      minmay_diamond_stairs, layout_basic, mainiacjoe_overflow_boulevard,
          uniq_gastronok
Temple:   lightli_temple_of_artemis

Skill      XL: |  1  2  3  4  5  6  7  8  9 |
---------------+----------------------------+-----
Conjurations   | 2 3 5 6 8 9 |  9.9
Translocations | 2 |  2.0
Spellcasting   | 5 6 7 8 10 12 | 12.4
Poison Magic   | 1 2 |  2.0
Air Magic      | 1 2 |  2.0
Fire Magic     | 1 4 7 |  7.6
Dodging        | |  2.4
Stealth        | |  2.4
Summonings     | |  1.1

Action                     |  1- 3 |  4- 6 |  7- 9 | 10-12 || total
---------------------------+-------+-------+-------+-------++-------
  Melee: Dagger            |    14 |     7 |    89 |     5 ||   115
         Punch             |       |       |     1 |       ||     1
   Cast: Magic Dart        |    98 |   167 |   361 |     1 ||   627
         Mephitic Cloud    |       |    10 |    47 |     4 ||    61
         Blink             |       |     1 |     4 |       ||     5
         Starburst         |       |       |     1 |     4 ||     5
    Use: Scroll            |       |       |     1 |       ||     1
   Stab: Confused          |       |       |     6 |       ||     6
 Armour: Robe              |     5 |     4 |    15 |     1 ||    25
  Dodge: Dodged            |    20 |    29 |   103 |     5 ||   157

Table legend: (Time is in decaauts)
 A = Elapsed time spent in this place.
 B = Non-inter-level travel time spent in this place.
 C = Inter-level travel time spent in this place.
 D = Time resting spent in this place.
 E = Time spent auto-exploring this place.
 F = Levels seen in this place.
 G = Mean time per level.
                   A        B        C        D        E       F      G
               +--------+--------+--------+--------+--------+-----+--------+
         Total |  11480 |  10945 |    535 |   3338 |   5897 |   9 | 1275.6 |
       Dungeon |  11367 |  10851 |    516 |   3338 |   5814 |   8 | 1420.9 |
        Temple |    112 |     93 |     19 |      0 |     83 |   1 |  112.0 |
               +--------+--------+--------+--------+--------+-----+--------+

Top non-repeatable levels by time:
     D:5: 1985 daAuts
     D:4: 1936 daAuts
     D:6: 1904 daAuts
     D:2: 1482 daAuts
     D:1: 1425 daAuts
     D:7: 1247 daAuts
     D:3: 1209 daAuts
     D:8: 176 daAuts
  Temple: 112 daAuts
